 Dungeon Crawl Stone Soup version 0.30-a0-1124-g6e8f0f562f (webtiles) character file.

Game seed: 7290138929517437520

633 bande the Chopper (level 7, -1/44 HPs)
             Began as a Gargoyle Fighter on Apr 24, 2023.
             Was an Initiate of Okawaru.
             Slain by a two-headed ogre
             ... wielding a +0 giant spiked club
              (15 damage)
             ... on level 5 of the Dungeon.
             The game lasted 00:06:50 (3640 turns).

bande the Chopper (Gargoyle Fighter)                Turns: 3640, Time: 00:06:51

Health: -1/44      AC: 14    Str: 19    XL:     7   Next: 49%
Magic:  7/7        EV:  9    Int:  9    God:    Okawaru [......]
Gold:   258        SH:  0    Dex: 11    Spells: 6/6 levels left

rFire   . . .        a - +0 war axe (venom)
rCold   + . .        c - +0 buckler
rNeg    + . .        b - +0 scale mail
rPois   ∞            (no helmet)
rElec   +            (no cloak)
rCorr   .            u - +1 pair of gloves
SInv    .            (no boots)
Will    +....        (no amulet) Stlth
                     e - ring of willpower
HPRegen 0.27/turn    g - ring of protection from cold
MPRegen 0.10/turn

%: no passive effects
@: confused, ambrosia-drunk
A: sickness immunity, AC +4, negative energy resistance 1, electricity
resistance, torment resistance 1, petrification resistance
a: Renounce Religion


You were on level 5 of the Dungeon.
You worshipped Okawaru.
Okawaru was noncommittal.
You visited 2 branches of the dungeon, and saw 6 of its levels.

You collected 258 gold pieces.

Inventory:

Hand Weapons
 a - a +0 war axe of venom (weapon)
 s - a +0 flail
 w - a +0 war axe of chaos
Armour
 b - a +0 scale mail (worn)
 c - a +0 buckler (worn)
 u - a +1 pair of gloves (worn)
Jewellery
 e - a ring of willpower (left hand)
 g - a ring of protection from cold (right hand)
 r - a ring of ice
 v - a ring of fire
Scrolls
 f - a scroll of teleportation
 o - a scroll of amnesia
Potions
 d - a potion of might
 i - 2 potions of flight {unknown}
 k - a potion of cancellation {unknown}
 l - a potion of berserk rage {unknown}
 m - a potion of curing {unknown}
 n - a potion of resistance {unknown}
 p - a potion of magic {unknown}
 q - a potion of mutation {unknown}
 t - 2 potions of haste {unknown}


   Skills:
 + Level 4.5 Fighting
 + Level 5.5 Axes
 + Level 4.7 Armour
 - Level 0.2 Dodging
 + Level 4.6 Shields
 * Level 0.7 Invocations


You had 6 spell levels left.
You didn't know any spells.
Your spell library was empty.

Dungeon Overview and Level Annotations

Branches:
Dungeon (5/15)             Temple (1/1) D:4

Altars:
Ashenzari
Elyvilon
Kikubaaqudgha
Nemelex Xobeh
Okawaru
Qazlal
Ru
Sif Muna
Trog
Uskayaw
Vehumet
Wu Jian
Yredelemnul
The Shining One


Innate Abilities, Weirdness & Mutations

You are immune to sickness and miasma.
Your stone body is resilient. (AC +4)
You are immune to poison.
You resist negative energy. (rN+)
You are resistant to electric shocks. (rElec)
You are resistant to unholy torment.
You are immune to petrification.


Message History

h - 3 potions of degeneration You drop 3 potions of degeneration.
A two-headed ogre comes into view.
It is wielding two +0 giant spiked clubs.
The two-headed ogre shouts in stereo!
You hear an angry hiss. x2
You see here 14 gold pieces.
You slash the two-headed ogre!
The two-headed ogre is poisoned.
The two-headed ogre is lightly wounded.
The two-headed ogre hits you with a +0 giant spiked club!
The two-headed ogre closely misses you.
An adder comes into view.
You hit the two-headed ogre.
The two-headed ogre looks as sick as possible!
The two-headed ogre is lightly wounded.
The two-headed ogre barely misses you.
The two-headed ogre hits you with a +0 giant spiked club!
You hit the two-headed ogre but do no damage.
The two-headed ogre looks as sick as possible!
The two-headed ogre is moderately wounded.
The two-headed ogre hits you with a +0 giant spiked club! x2
* * * LOW HITPOINT WARNING * * *
You are too injured to fight recklessly!
You are too injured to fight recklessly!
You are too injured to fight recklessly!
You are too injured to fight recklessly!
You are too injured to fight recklessly!
You are confused.
You feel invigorated.
You hit the two-headed ogre.
The two-headed ogre looks as sick as possible!
The two-headed ogre is heavily wounded.
The two-headed ogre closely misses you. The two-headed ogre barely misses you.
You hit the two-headed ogre.
The two-headed ogre looks as sick as possible!
The two-headed ogre is heavily wounded.
The two-headed ogre hits you with a +0 giant spiked club.
* * * LOW HITPOINT WARNING * * *
The two-headed ogre misses you. The adder bites you but does no damage.
The adder bites you.
The two-headed ogre hits you with a +0 giant spiked club!
You die...

##..#..... #........
## #....#... ..
##.##... .#
###..#..># .#
#....#.#.######.#
#.#.#.........O.#
#.#.........<@S##
####...##.........#
......#####.####...=.
.....## #.# ######
##...# #.#
........###.##
.....##......#
.....######..##
....## ##!.#


You could see a two-headed ogre (extremely poisoned) and an adder.

Vanquished Creatures
  Sigmund (D:3)
  An ice beast (D:5)
  A scorpion (D:4)
  A jelly (D:4)
  An orc priest (D:4)
  An orc wizard (D:4)
  Natasha (thrice) (D:3)
  3 gnolls (D:4)
  4 adders
  2 worms
  5 dart slugs
  9 orcs
  4 bats
  3 endoplasms
  5 giant cockroaches
  8 goblins
  7 hobgoblins
  4 jackals (D:3)
  7 kobolds
  4 quokkas
  6 ball pythons
  5 frilled lizards
  7 rats
92 creatures vanquished.

Notes
Turn   | Place    | Note
-------+----------+-------------------------------------------
     0 | D:1      | bande the Gargoyle Fighter began the quest for the Orb.
     0 | D:1      | Reached XP level 1. HP: 14/14 MP: 1/1
   213 | D:1      | Reached XP level 2. HP: 19/19 MP: 2/2
   733 | D:2      | Reached skill level 2 in Axes
   821 | D:2      | Reached XP level 3. HP: 23/23 MP: 3/3
  1280 | D:2      | Identified the +1 robe "Tuizo" {rPois rF- Str+3}
  1428 | D:3      | Reached XP level 4. HP: 28/28 MP: 4/4
  1517 | D:3      | Noticed Sigmund
  1534 | D:3      | Killed Sigmund
  1535 | D:3      | Reached skill level 4 in Axes
  1535 | D:3      | Reached XP level 5. HP: 24/33 MP: 5/5
  1535 | D:3      | Reached XP level 6. HP: 28/38 MP: 6/6
  1720 | D:3      | Noticed Natasha
  1727 | D:3      | Killed Natasha
  1863 | D:3      | Noticed Natasha
  1871 | D:3      | Killed Natasha
  1938 | D:3      | Noticed Natasha
  1944 | D:3      | Killed Natasha
  2055 | D:3      | Found a faded altar of an unknown god.
  2239 | D:4      | Found a stormy altar of Qazlal.
  2286 | D:4      | Found a basalt altar of Yredelemnul.
  2389 | D:4      | Reached XP level 7. HP: 2/43 MP: 7/7
  2391 | D:4      | HP: 2/43 [orc priest/divine providence (13)]
  2397 | D:4      | Reached skill level 5 in Axes
  2739 | D:4      | Found a staircase to the Ecumenical Temple.
  2769 | Temple   | Entered the Ecumenical Temple
  2872 | Temple   | Became a worshipper of Warmaster Okawaru
  2979 | D:4      | Found a radiant altar of Vehumet.
  3508 | D:5      | Entered Level 5 of the Dungeon
  3632 | D:5      | Noticed a two-headed ogre
  3640 | D:5      | Slain by a two-headed ogre

Illustrated notes

Levels and vault maps discovered:
D:1:      dpeg_arrival_connections, layout_loops_cross
D:2:      layout_loops_ring
D:3:      layout_rooms, shapermc_ecumenical_altar_hornbeckon,
          kennysheep_cross_bottleneck, minmay_between, uniq_natasha,
          uniq_sigmund
D:4:      layout_basic, mainiacjoe_overflow_tiny_flanked,
          mainiacjoe_overflow_large_starburst, minmay_temple_entry_butterflies,
          minmay_bisected
D:5:      layout_rooms, xom_redecorated, serial_shops, kennysheep_mini_moat,
          minmay_misc_feat_enclosed
Temple:   nicolae_temple_slightly_damp_pantheon

Skill      XL: |  1  2  3  4  5  6  7 |
---------------+----------------------+-----
Axes           | 2 4 5 |  5.5
Fighting       | 4 |  4.5
Armour         | 4 |  4.7
Shields        | 4 |  4.6
Dodging        | |  0.2
Invocations    | |  0.7

Action                     |  1- 3 |  4- 6 |  7- 9 || total
---------------------------+-------+-------+-------++-------
  Melee: War axe           |    89 |   101 |    37 ||   227
    Use: Scroll            |     9 |     3 |     2 ||    14
         Potion            |       |       |     2 ||     2
 Armour: Scale mail        |    33 |    67 |    20 ||   120
  Dodge: Dodged            |    52 |    48 |    17 ||   117
  Block: Buckler           |    15 |    27 |     5 ||    47

Table legend: (Time is in decaauts)
 A = Elapsed time spent in this place.
 B = Non-inter-level travel time spent in this place.
 C = Inter-level travel time spent in this place.
 D = Time resting spent in this place.
 E = Time spent auto-exploring this place.
 F = Levels seen in this place.
 G = Mean time per level.
                   A        B        C        D        E       F      G
               +--------+--------+--------+--------+--------+-----+--------+
         Total |   3728 |   3665 |     63 |    543 |   2302 |   6 |  621.3 |
       Dungeon |   3602 |   3539 |     63 |    543 |   2215 |   5 |  720.4 |
        Temple |    125 |    125 |      0 |      0 |     87 |   1 |  125.0 |
               +--------+--------+--------+--------+--------+-----+--------+

Top non-repeatable levels by time:
     D:4: 1335 daAuts
     D:2: 742 daAuts
     D:3: 731 daAuts
     D:1: 673 daAuts
  Temple: 125 daAuts
     D:5: 119 daAuts
